 Dungeon Crawl Stone Soup version 0.25-a0-632-g7713895373 (webtiles) character file.

Game seed: 18002919759698963541, levelgen mode: classic

479181 EnegeticOcto the Convoker (level 23, -6/181 HPs)
             Began as a Mummy Ice Elementalist on Mar 18, 2020.
             Was an Elder of Sif Muna.
             Killed from afar by a yellow draconian knight (14 damage)
             ... with a bolt of cold
             ... on level 2 of the Realm of Zot on Mar 19, 2020.
             The game lasted 06:00:14 (134576 turns).

EnegeticOcto the Convoker (MuIE)                  Turns: 134576, Time: 06:00:14

Health: -6/181     AC: 13    Str: 15    XL:     23   Next: 38%
Magic:  23/57      EV: 25    Int: 24    God:    Sif Muna [****..]
Gold:   7336       SH:  8    Dex: 13    Spells: 4/52 levels left

rFire    + + .     SeeInvis .   b - staff of power
rCold    + + .     Gourm    .   o - +3 buckler {rF+}
rNeg     + + +     Faith    .   S - +2 robe {rC+ rF+}
rPois    ∞         Spirit   .   J - +0 helmet
rElec    +         Reflect  .   K - +2 cloak {MR+}
rCorr    .         Harm     .   G - +1 pair of gloves "Hupanan" {rF+ Slay+3}
MR       +++..                  Y - +1 pair of boots of Brilliance {rElec}
Stlth    ++........             R - amulet "Cykeawoi" {RegenMP +Fly rN+ Int+4}
HPRegen  0.40/turn              M - +6 ring of evasion {=R}
MPRegen  0.60/turn              U - ring of wizardry

@: studying Dodging, deflect missiles
A: no food or potions, fire vulnerability, cold resistance 1, negative energy
resistance 3, torment resistance, unbreathing, in touch with death 1
}: 3/15 runes: barnacled, slimy, gossamer
a: Channel Magic, Forget Spell, Divine Exegesis, Renounce Religion, Evoke Flight


You were on level 2 of the Realm of Zot.
You worshipped Sif Muna.
Sif Muna was greatly pleased with you.
You were not hungry.

You visited 12 branches of the dungeon, and saw 54 of its levels.
You visited the Abyss 1 time.
You visited 1 bazaar.
You visited 1 ziggurat, and saw 4 of its levels.
You also visited: Wizlab.

You collected 9968 gold pieces.
You spent 2632 gold pieces at shops.

Inventory:

Hand Weapons
 a - the +4 hand axe of Uxivvouts {pain, rElec rC+ Dex+5 SInv}
   (You took it off a deep elf annihilator on level 3 of the Elven Halls)

   In the hands of one skilled in necromantic magic, it inflicts extra damage on
   living creatures.
   It affects your dexterity (+5).
   It protects you from cold.
   It insulates you from electricity.
   It lets you see invisible.
 y - the +8 lance "Wyrmbane" {slay drac, rPois rF+ rC+ AC+3}
   (You found it on level 5 of the Pits of Slime)

   It affects your AC (+3).
   It protects you from fire.
   It protects you from cold.
   It protects you from poison.
Missiles
 m - 8 curare-tipped darts
 w - 7 throwing nets (quivered) {!f}
 D - 54 silver javelins
Armour
 o - a +3 buckler of fire resistance (worn)
 G - the +1 pair of gloves "Hupanan" (worn) {rF+ Slay+3}
   (You found it on level 5 of the Pits of Slime)

   It affects your accuracy and damage with ranged weapons and melee attacks
   (+3).
   It protects you from fire.
 J - a +0 helmet (worn)
 K - a +2 cloak of magic resistance (worn)
 S - a +2 robe of resistance (worn)
 Y - the +1 pair of boots of Brilliance (worn) {rElec}
   (You bought it in a shop on level 2 of the Orcish Mines)

   It insulates you from electricity.
Magical Staves
 b - an uncursed staff of power (weapon)
Jewellery
 c - the amulet "Plog" {Reflect rF+ Slay+2 SH+2}
   (You found it on level 14 of the Dungeon)

   [amulet of reflection]

   It shields you and reflects attacks.
   It affects your accuracy and damage with ranged weapons and melee attacks
   (+2).
   It protects you from fire.
   It affects your SH (+2).
 M - a +6 ring of evasion (left hand) {=R}
 R - the amulet "Cykeawoi" (around neck) {RegenMP +Fly rN+ Int+4}
   (You bought it in a shop in a bazaar)

   [amulet of magic regeneration]

   It increases your magic regeneration.
   It affects your intelligence (+4).
   It protects you from negative energy.
   It lets you fly.
 U - a ring of wizardry (right hand)
Wands
 e - a wand of disintegration (42)
 t - a wand of clouds (14)
 z - a wand of enslavement (6)
 A - a wand of polymorph (32)
 B - a wand of paralysis (31)
 C - a wand of random effects (30)
 H - a wand of digging (6) {@v3}
 P - a wand of iceblast (33) {@v2}
 V - a wand of flame (84) {@v4}
Scrolls
 d - 23 scrolls of remove curse {@r2}
 f - 6 scrolls of magic mapping {@r5 !r}
 i - 8 scrolls of immolation
 j - 11 scrolls of identify {@r1}
 l - 10 scrolls of teleportation {@r3 !r}
 n - 3 scrolls of enchant armour
 p - 5 scrolls of fear {!r}
 q - 3 scrolls of vulnerability
 s - a scroll of silence
 E - 3 scrolls of summoning
 L - 8 scrolls of fog {!r}
 Q - 3 scrolls of holy word
 W - 3 scrolls of blinking {@r4}
Books
 g - a manual of Dodging
Miscellaneous
 h - a phantom mirror
 k - a lamp of fire
 r - a lightning rod (4/4)
 v - 2 sacks of spiders
 O - a fan of gales
 T - 6 boxes of beasts


   Skills:
 - Level 15.0 Fighting
 - Level 4.5 Armour
 - Level 11.2 Dodging
 - Level 3.0 Stealth
 - Level 4.0 Shields
 - Level 15.0 Spellcasting
   Level 5.0 Conjurations
 - Level 7.0 Charms
 + Level 20.3 Summonings
 - Level 14.3 Necromancy
 - Level 8.0 Translocations
 - Level 10.0 Ice Magic
 - Level 8.0 Air Magic
 - Level 10.0 Invocations
 - Level 4.0 Evocations


You had 4 spell levels left.
You knew the following spells:

 Your Spells              Type           Power        Failure   Level  Hunger
a - Apportation           Tloc           ######       1%          1    N/A
b - Haunt                 Necr/Summ      ########..   1%          7    N/A
c - Monstrous Menagerie   Summ           #######...   1%          7    N/A
d - Summon Horrible Thin  Summ           #######...   1%          8    N/A
e - Malign Gateway        Summ/Tloc      ######....   3%          7    N/A
u - Aura of Abjuration    Summ           #######...   0%          5    N/A
z - Frozen Ramparts       Ice            ######       1%          3    N/A
P - Deflect Missiles      Chrm/Air       ######....   9%          6    N/A
V - Swiftness             Chrm/Air       ######..     1%          2    N/A
Y - Blink                 Tloc           N/A          1%          2    N/A

Your spell library contained the following spells:

 Spells                   Type           Power        Failure   Level  Hunger
 Animate Skeleton         Necr           N/A          0%          1    N/A
 Pain                     Necr           ####         0%          1    N/A
 Summon Butterflies       Summ           #######.     0%          1    N/A
 Summon Small Mammal      Summ           ####         0%          1    N/A
 Call Imp                 Summ           #######.     0%          2    N/A
 Call Canine Familiar     Summ           #######.     0%          3    N/A
 Corona                   Hex            ###....      1%          1    N/A
 Foxfire                  Conj/Fire      ####         1%          1    N/A
 Freeze                   Ice            ####         1%          1    N/A
 Infusion                 Chrm           ####         1%          1    N/A
 Magic Dart               Conj           ####         1%          1    N/A
 Shock                    Conj/Air       ####         1%          1    N/A
 Corpse Rot               Necr/Air       N/A          1%          2    N/A
 Ensorcelled Hibernation  Hex/Ice        #####.       1%          2    N/A
 Passwall                 Tmut/Erth      ###.....     1%          2    N/A
 Poisonous Vapours        Pois/Air       #####.       1%          2    N/A
 Searing Ray              Conj           #####.       1%          2    N/A
 Shroud of Golubria       Chrm/Tloc      ######       1%          2    N/A
 Slow                     Hex            ###.....     1%          2    N/A
 Song of Slaying          Chrm           ######..     1%          2    N/A
 Sticks to Snakes         Tmut           ###.....     1%          2    N/A
 Conjure Flame            Conj/Fire      ####....     1%          3    N/A
 Dazzling Flash           Conj/Hex       ####..       1%          3    N/A
 Gell's Gravitas          Tloc           ######....   1%          3    N/A
 Lesser Beckoning         Tloc           ######....   1%          3    N/A
 Mephitic Cloud           Conj/Pois/Air  #####...     1%          3    N/A
 Ozocubu's Armour         Chrm/Ice       ######..     1%          3    N/A
 Portal Projectile        Hex/Tloc       #####.       1%          3    N/A
 Recall                   Summ/Tloc      N/A          1%          3    N/A
 Spectral Weapon          Hex/Chrm       ####....     1%          3    N/A
 Static Discharge         Conj/Air       #####...     1%          3    N/A
 Stone Arrow              Conj/Erth      ####..       1%          3    N/A
 Summon Guardian Golem    Hex/Summ       ######..     1%          3    N/A
 Teleport Other           Tloc           ######..     1%          3    N/A
 Vampiric Draining        Necr           #######...   1%          3    N/A
 Airstrike                Air            ######....   1%          4    N/A
 Animate Dead             Necr           N/A          1%          4    N/A
 Dispel Undead            Necr           #######.     1%          4    N/A
 Hailstorm                Conj/Ice       ######..     1%          4    N/A
 Iskenderun's Mystic Bla  Conj/Tloc      #####...     1%          4    N/A
 Passage of Golubria      Tloc           N/A          1%          4    N/A
 Summon Ice Beast         Ice/Summ       ######..     1%          4    N/A
 Summon Lightning Spire   Summ/Air       ######..     1%          4    N/A
 Confusing Touch          Hex            ###.....     4%          3    N/A
 Ignite Poison            Fire/Tmut/Pois ###.....     4%          3    N/A
 Inner Flame              Hex/Fire       ###.....     4%          3    N/A
 Tukima's Dance           Hex            ###.....     4%          3    N/A
 Fulminant Prism          Conj/Hex       ####......   4%          4    N/A
 Sticky Flame             Conj/Fire      ####....     4%          4    N/A
 Cause Fear               Hex            ###.......   12%         4    N/A
 Leda's Liquefaction      Hex/Erth       ###.......   12%         4    N/A
 Petrify                  Tmut/Erth      ###.....     12%         4    N/A
 Summon Demon             Summ           #######...   0%          5    N/A
 Agony                    Necr           #######.     1%          5    N/A
 Borgnjor's Vile Clutch   Necr/Erth      ######....   1%          5    N/A
 Excruciating Wounds      Chrm/Necr      #######...   1%          5    N/A
 Summon Forest            Summ/Tloc      ######....   1%          5    N/A
 Summon Mana Viper        Hex/Summ       ######..     1%          5    N/A
 Death Channel            Necr           #######...   1%          6    N/A
 Shadow Creatures         Summ           N/A          1%          6    N/A
 Simulacrum               Ice/Necr       #######...   1%          6    N/A
 Summon Greater Demon     Summ           #######...   1%          7    N/A
 Summon Hydra             Summ           #######...   1%          7    N/A
 Lightning Bolt           Conj/Air       #####.....   2%          5    N/A
 Iskenderun's Battlesphe  Conj/Chrm      #####...     3%          5    N/A
 Ozocubu's Refrigeration  Ice            ######....   3%          6    N/A
 Metabolic Englaciation   Hex/Ice        #####.....   4%          5    N/A
 Spellforged Servitor     Conj/Summ      ######....   6%          7    N/A
 Silence                  Hex/Air        #####.....   7%          5    N/A
 Dispersal                Tloc           ######....   8%          6    N/A
 Freezing Cloud           Conj/Ice/Air   ######....   9%          6    N/A
 Fireball                 Conj/Fire      ####......   12%         5    N/A
 Irradiate                Conj/Tmut      ####......   12%         5    N/A
 Conjure Ball Lightning   Conj/Air       #####.....   13%         6    N/A
 Bolt of Magma            Conj/Fire/Erth ####......   17%         5    N/A
 Infestation              Necr           #######...   22%         8    N/A
 Dragon's Call            Summ           #######...   28%         9    N/A
 Alistair's Intoxication  Tmut/Pois      ###.....     32%         5    N/A
 Lee's Rapid Deconstruct  Erth           ###.......   32%         5    N/A
 Yara's Violent Unravell  Hex/Tmut       ###.......   32%         5    N/A
 Iron Shot                Conj/Erth      ####......   52%         6    N/A
 Starburst                Conj/Fire      ####......   52%         6    N/A
 Orb of Destruction       Conj           #####.....   77%         7    N/A
 Darkness                 Hex            ###.......   86%         6    N/A
 Eringya's Noxious Bog    Tmut/Pois      ###.......   86%         6    N/A
 Invisibility             Hex            ###.....     86%         6    N/A
 Ring of Flames           Chrm/Fire      ####......   91%         7    N/A
 Controlled Blink         Tloc           N/A          95%         8    N/A
 Disjunction              Tloc           ######....   95%         8    N/A
 Chain Lightning          Conj/Air       #####.....   99%         8    N/A
 Discord                  Hex            ###.......   100%        8    N/A
 Ignition                 Fire           ###.......   100%        8    N/A
 Lehudib's Crystal Spear  Conj/Erth      ####......   100%        8    N/A
 Glaciate                 Conj/Ice       ######....   100%        9    N/A
 Shatter                  Erth           ###.......   100%        9    N/A
 Tornado                  Air            ######....   100%        9    N/A
 Sublimation of Blood     Necr           Unusable     N/A         2    N/A
 Beastly Appendage        Tmut           Unusable     N/A         1    N/A
 Ice Form                 Ice/Tmut       Unusable     N/A         4    N/A
 Spider Form              Tmut/Pois      Unusable     N/A         3    N/A
 Blade Hands              Tmut           Unusable     N/A         5    N/A
 Hydra Form               Tmut           Unusable     N/A         6    N/A
 Statue Form              Tmut/Erth      Unusable     N/A         6    N/A
 Dragon Form              Tmut           Unusable     N/A         7    N/A

Dungeon Overview and Level Annotations

Branches:
Dungeon (15/15)            Temple (1/1) D:4            Lair (6/6) D:11
 Shoals (4/4) Lair:4       Spider (4/4) Lair:4        Slime (5/5) Lair:5
    Orc (2/2) D:12            Elf (3/3) Orc:2        Vaults (4/5) D:13
  Crypt (3/3) Vaults:3       Tomb (0/3) Crypt:3      Depths (5/5) D:15
    Zot (2/5) Depths:5     WizLab (visited)

Altars:
Ashenzari
Cheibriados
Dithmenos
Elyvilon
Fedhas
Gozag
Hepliaklqana
Kikubaaqudgha
Makhleb
Nemelex Xobeh
Okawaru
Qazlal
Ru
Sif Muna
Trog
Uskayaw
Vehumet
Wu Jian
Xom
Yredelemnul
Zin
The Shining One
Beogh

Shops:
D:5 (?*   D:11 [   Orc:2 ([*:   Elf:1 !   Elf:3 }   Vaults:3 (   Vaults:4 (

Portals:
Hell: Depths:1 Depths:2 Depths:3 Depths:4 Depths:5
Abyss: Depths:3 Depths:4 Depths:5
Pandemonium: Depths:3
Trove: Depths:4 (give 4 scrolls of blinking)

Annotations:
D:2 1 runed translucent door, Crazy Yiuf
Lair:4 exclusion: 2 oklob plants
Shoals:1 exclusion: door
Shoals:3 exclusion: downstairs
Spider:2 1 runed translucent door, exclusion: downstairs, Roxanne
Elf:2 2 runed translucent doors
Vaults:2 Jory, Mennas
Vaults:4 exclusion: obsidian statue
Depths:2 1 runed translucent door, exclusion: orange crystal statue
Depths:3 1 runed translucent door, exclusion: downstairs, Zentennen's ghost, veteran OpWz
Zot:2 Leosch's ghost, legendary GrFi


Innate Abilities, Weirdness & Mutations

You do not eat or drink.
Your flesh is vulnerable to fire.
You are immune to poison.
Your flesh is cold resistant. (rC+)
You are immune to negative energy. (rN+++)
You are immune to unholy pain and torment.
You can survive without breathing.
You are in touch with the powers of death.


Message History

Your eldritch tentacle claws the green draconian!
Your eldritch tentacle draws strength from the green draconian's injuries!
The green draconian hits your eldritch tentacle with a +0 hand axe.
The green draconian hits your eldritch tentacle segment with a +0 hand axe!
The green draconian tail-slaps your eldritch tentacle but does no damage.
The purple draconian hits the swamp drake with a +0 flail!!
The swamp drake dies!
The swamp drake's corpse disappears in a puff of smoke!
The yellow draconian hits your eldritch tentacle with a +0 battleaxe.
Your large abomination closely misses the red draconian.
You hear a roar! x2; You hear a deafening roar!
The white draconian seems less confused.
Your eldritch tentacle slaps the yellow draconian.
The yellow draconian appears confused.
Your eldritch tentacle claws the yellow draconian!!
The yellow draconian suddenly stops moving!
The red draconian scorcher hits your large abomination but does no damage.
The white draconian hits your large abomination with a +0 battleaxe.
The red draconian breathes flames at your large abomination.
The searing blast hits your large abomination!
The searing blast hits your large abomination!!
The searing blast hits your eldritch tentacle segment.
Your eldritch tentacle segment completely resists.
Your large abomination is engulfed in blazing flames.
Your large abomination is destroyed!
The green draconian hits your eldritch tentacle but does no damage.
The green draconian hits your eldritch tentacle segment but does no damage.
The green draconian tail-slaps your eldritch tentacle but does no damage.
Your large abomination closely misses the red draconian.
Your large abomination hits the red draconian scorcher!
The red draconian scorcher dies!
Sif Muna accepts your kill. Something hits your eldritch tentacle!!
You see here a +0 halberd.
The purple draconian rages.
The purple draconian hits something with a +0 flail!!
Your eldritch tentacle closely misses the green draconian.
Your eldritch tentacle claws the green draconian!!
The green draconian dies!
Sif Muna accepts your kill.
The red draconian hits your large abomination with a +0 flail.
You hear some strange, mumbled words.
The black draconian stormcaller hits your eldritch tentacle segment with a +0 short sword.
The tentacled monstrosity tentacle-slaps your large abomination! x2
The tentacled monstrosity barely misses your large abomination.
The tentacled monstrosity grabs your large abomination.
The tentacled monstrosity constricts your large abomination.
Your large abomination hits the red draconian!!
Your eldritch tentacle slaps the yellow draconian.
Your eldritch tentacle freezes the yellow draconian!!
Your eldritch tentacle claws the yellow draconian!!!
The yellow draconian dies!
Sif Muna accepts your kill.
Casting: Summon Horrible Things (safe; 1% risk of failure)
Confirm with . or Enter, or press ? or * to list all spells.
The purple draconian hits the wind drake with a +0 flail!!
The white draconian is engulfed in blazing flames.
The white draconian barely misses your large abomination.
The white draconian hits your large abomination with a +0 battleaxe!
The moth of wrath barely misses the lindwurm.
The yellow draconian hits your eldritch tentacle with a +0 battleaxe!!
Your large abomination hits the tentacled monstrosity!!
Your large abomination hits the red draconian!!
The red draconian dies!
Sif Muna accepts your kill.
The tentacled monstrosity tentacle-slaps your large abomination!
Your large abomination is destroyed!
The purple draconian stormcaller mumbles some strange prayers to Qazlal against you.
Qazlal smites you!
* * * LOW HITPOINT WARNING * * *
Your eldritch tentacle slaps the black draconian stormcaller but does no damage.
Your eldritch tentacle claws the black draconian stormcaller!!
The black draconian stormcaller seems to grow stronger.
Your large abomination barely misses the white draconian.
The white draconian is engulfed in blazing flames.
The white draconian hits your large abomination with a +0 battleaxe!
The white draconian hits your large abomination with a +0 battleaxe.
Your large abomination is destroyed!
The purple draconian completely misses the black draconian annihilator.
Your eldritch tentacle closely misses the black draconian stormcaller.
Your eldritch tentacle claws the black draconian stormcaller!!
Your eldritch tentacle draws strength from the black draconian stormcaller's injuries!
Your large abomination barely misses the white draconian.
The purple draconian stormcaller mumbles some strange prayers to Qazlal.
The white draconian is engulfed in blazing flames.
The white draconian hits your large abomination but does no damage.
Your tentacled monstrosity tentacle-slaps the purple draconian stormcaller but does no damage. x2
Your tentacled monstrosity completely misses the purple draconian stormcaller.
Your tentacled monstrosity misses the purple draconian stormcaller.
You see here a +0 halberd.
You swap places.
The wind drake flaps its wings at you. The air twists around and strikes you!
* * * LOW HITPOINT WARNING * * *
Something hits the black draconian annihilator!!
You hear some strange, mumbled words.
A bolt of cold appears from out of thin air!
The bolt of cold hits your large abomination!!
The bolt of cold hits you! You resist.
You die...

#..###..##### **,** *,,,,, ##.#
#...k.# *,* *,,,,, 8#.#
#..dqy#### *,* *,,,,,
)#.#*#.....k..# *,#****,,,*,
q#..##..###d.)########..,,,,,,,*,
y#©.....d)X)XX..X.......,,,,,,,,,
z#......w─q..q.k........,,,,,,,,,
[#.....)))\.X^XXX......[,,,,,,,,,
8#..##..#>.*[.##@.....#*,,,*****,
##......##....##......#*,,,*****,
#,,,....##.......##...#*****,,,,,
,,,...............,,....,,,,,,,,,
,,................,,,...,,,,,,,,,
,............######,<,.#**,,,,,*,
,,,,,,,,,,,..,,,,,,,,,,.,,,,,,,,,
,,,,,,,,,,..,,,,,,,,,,,,,,,,,,,,,
,,,,,,,,,,,,,,,,,,,,,,,,,,,,,,,,,


You could see a tentacled monstrosity, a white draconian (berserk), 2
draconians, a black draconian annihilator, a death drake, a wind drake, a
lindwurm, a moth of wrath (confused), a friendly tentacled monstrosity and 6
friendly large abominations.

Vanquished Creatures
  the Royal Jelly (Slime:5)
  Mara (Shoals:4)
  A lich (Depths:1)
  A tentacled monstrosity (Zot:2)
  2 acid blobs (Slime:5)
  An acid blob (shapeshifter) (Vaults:1)
  A tentacled starspawn (WizLab)
  Agnes (Spider:1)
  3 azure jellies (Slime:5)
  A draconian knight (Zot:1)
  3 ghost moths
  A draconian scorcher (Zot:2)
  An ironheart preserver (Vaults:1)
  2 very ugly things
  A green draconian (Zot:2)
  6 dire elephants (Lair:6)
  2 spark wasps (Spider:3)
  A merfolk javelineer (Shoals:2)
  An ettin (Depths:2)
  2 yaktaur captains (Vaults:4)
  2 death oozes (Slime:5)
  A fire dragon (Depths:1)
  A merfolk impaler (Shoals:4)
  4 ogre magi
  A great orb of eyes (Depths:2)
  2 rakshasas
  6 hydras
  2 vault guards (Vaults:2)
  A centaur warrior (D:14)
  A catoblepas (D:14)
  2 deep troll shamans
  A death knight (D:14)
  8 two-headed ogres
  A vampire mage (D:14)
  7 death yaks
  A titan zombie (D:15)
  An orc high priest (Orc:2)
  3 deep elf knights
  A death drake (shapeshifter) (Depths:1)
  An unseen horror (D:14)
  An iron troll (Depths:2)
  An unseen horror (shapeshifter) (Vaults:2)
  6 skeletal warriors
  4 wizards
  A flayed ghost (Depths:1)
  2 deep trolls
  3 orc knights
  A starcursed mass (Abyss:1)
  2 deep elf archers
  4 sea snakes
  An ironbrand convoker (Vaults:2)
  A harpy (Vaults:4)
  8 orb spiders
  A necromancer (D:15)
  16 ugly things
  18 wolf spiders
  10 deep elf magi
  3 manticores
  8 elephants (Lair:6)
  3 cyclopes
  2 fauns
  A centaur zombie (D:12)
  A merfolk siren (Shoals:3)
  A stone giant skeleton (D:15)
  A vault sentinel (Vaults:2)
  2 water nymphs
  2 black mambas
  A spiny frog (shapeshifter) (D:15)
  A gargoyle (D:15)
  4 spiny frogs
  6 komodo dragons
  3 rime drakes
  7 yaktaurs
  7 kobold demonologists
  4 demonic crawlers
  7 trolls
  3 meliai (D:13)
  6 merfolk
  18 jumping spiders
  A spriggan zombie (D:15)
  5 slime creatures
  Grinder (D:4)
  A wind drake (Shoals:2)
  4 blink frogs (Lair:5)
  5 hornets
  Prince Ribbit (D:6)
  9 hippogriffs
  4 dream sheep (Lair:5)
  Sigmund (D:6)
  47 redbacks
  A water elemental (Shoals:1)
  An air elemental (Elf:1)
  A ynoxinul (Abyss:1)
  3 shadows
  8 tarantellas
  5 wraiths
  A yak (shapeshifter) (Vaults:1)
  6 wyverns
  A fire elemental (Elf:1)
  A basilisk (Lair:4)
  36 yaks
  2 hungry ghosts
  2 steam dragons
  A soldier ant (D:12)
  2 swamp worms (D:9)
  Edmund (D:4)
  17 water moccasins
  15 porcupines
  An ice beast (D:6)
  4 sky beasts
  27 orc warriors
  17 ogres
  A necrophage (D:12)
  A black bear (D:13)
  3 phantoms
  3 boggarts
  25 wolves
  3 centaurs
  8 big kobolds
  15 crocodiles
  15 bullfrogs
  A wyvern skeleton (D:14)
  4 scorpions
  A water moccasin skeleton (D:7)
  4 killer bees
  15 wights
  2 electric eels (Lair:4)
  5 howler monkeys
  3 bullfrog zombies
  9 crimson imps
  2 quasits
  23 orc priests
  A bullfrog skeleton (D:4)
  7 hounds
  5 jellies
  5 centaur skeletons
  4 iguanas
  17 orc wizards
  2 hell rats (Lair:4)
  15 worker ants
  A killer bee zombie (D:8)
  2 hound zombies
  A hound skeleton (D:8)
  A worker ant zombie (D:7)
  2 howler monkey skeletons
  18 adders
  8 gnolls
  11 river rats (Lair:4)
  5 shadow imps
  An ooze (D:5)
  An adder zombie (D:5)
  2 adder skeletons
  6 worms
  A dart slug (D:2)
  4 leopard geckos
  109 orcs
  3 ball pythons
  4 giant cockroaches
  10 goblins
  5 hobgoblins
  14 jackals
  35 kobolds
  4 quokkas
  9 bats
  4 frilled lizards
  2 leopard gecko skeletons
  A leopard gecko zombie (D:5)
  A quokka skeleton (D:7)
  13 rats
  2 crawling corpses (Elf:3)
  3 fungi
  3 plants (Lair:6)
  A starspawn tentacle (WizLab)
969 creatures vanquished.

Vanquished Creatures (collateral kills)
  3 ancient liches
  An orb of fire (Zot:2)
  3 juggernauts
  Sojobo (Vaults:3)
  Frederick (Depths:4)
  Margery (Vaults:2)
  A Killer Klown (Zig:2)
  A curse toe (Zot:1)
  Boris (7 times) (Vaults:2 Vaults:3 Vaults:4 Crypt:1 Crypt:2 Depths:1)
  Saint Roka (Orc:2)
  Nikola (Spider:2)
  3 bone dragons
  6 golden dragons
  Arachne (Spider:2)
  8 liches
  6 tentacled monstrosities
  Rupert (Orc:2)
  2 quicksilver dragons (Zot:1)
  2 deep elf blademasters (Elf:3)
  A titan (Depths:1)
  2 deep elf master archers (Elf:3)
  A tentacled starspawn (WizLab)
  Polyphemus (Shoals:3)
  5 ancient champions
  22 acid blobs
  5 death cobs
  An eldritch tentacle (WizLab)
  2 shadow dragons
  4 sphinxes
  5 revenants
  2 draconian monks
  Donald (Elf:3)
  3 storm dragons
  Ilsuiw (Shoals:4)
  6 tengu reavers
  8 azure jellies
  11 fire giants
  3 ghost moths
  5 deep elf sorcerers
  5 draconian knights
  An orc warlord (Orc:2)
  10 frost giants
  A draconian scorcher (Zot:2)
  7 vault wardens
  An iron dragon (Depths:4)
  11 ghouls
  2 emperor scorpions (Spider:4)
  A ghost moth (shapeshifter) (Depths:2)
  A draconian shifter (Zot:1)
  7 curse skulls
  7 deep elf elementalists
  7 ironheart preservers
  A juggernaut zombie (Depths:5)
  3 spriggan defenders
  21 very ugly things
  3 draconian annihilators
  18 stone giants
  3 green draconians
  2 reapers
  4 deep elf demonologists
  5 vampire knights
  7 red draconians
  2 black draconians (Zot:1)
  An entropy weaver (Depths:5)
  The ghost of Jayditzi the Peltast, a journeyman GrFi of Qazlal (Lair:3)
  3 purple draconians
  A white draconian (Zig:1)
  3 yellow draconians
  13 spark wasps
  9 deep elf annihilators (Elf:3)
  6 eidola
  3 deep elf death magi
  A mummy priest (Zig:3)
  Snorg (Lair:6)
  2 merfolk javelineers (Shoals:4)
  26 ettins
  5 jiangshi
  A crystal guardian (Vaults:3)
  7 death oozes
  12 merfolk impalers
  A great orb of eyes (shapeshifter) (Depths:5)
  6 great orbs of eyes
  5 yaktaur captains
  A blizzard demon (Depths:3)
  16 ogre magi
  13 fire dragons
  13 deep elf high priests
  13 vault guards
  14 ice dragons
  3 catoblepae
  9 rakshasas
  2 alligator snapping turtles
  7 spriggan air magi
  5 merfolk avatars
  An anaconda (Lair:6)
  4 death knights
  13 centaur warriors
  7 tengu warriors
  43 two-headed ogres
  A merfolk aquamancer (Shoals:4)
  13 deep troll shamans
  5 satyrs
  6 spriggan berserkers
  14 deep troll earth magi
  Urug (Lair:6)
  6 death yaks
  11 vampire magi
  16 dancing weapons
  3 thrashing horrors
  5 orc high priests (Orc:2)
  10 hell knights
  A soul eater (Crypt:3)
  9 deep elf knights
  A spriggan (Depths:4)
  A sun demon (Depths:3)
  2 titan skeletons
  5 shadow wraiths
  A spark wasp zombie (Depths:5)
  9 iron trolls
  11 skeletal warriors
  6 flayed ghosts
  2 glowing orange brains
  A shadow demon (WizLab)
  10 sea snakes
  An unseen horror (Vaults:1)
  4 large abominations
  A swamp dragon (shapeshifter) (Depths:5)
  7 obsidian statues
  21 deep trolls
  A tengu zombie (Depths:2)
  A starcursed mass (Abyss:1)
  12 deep elf archers
  7 wizards
  7 ironbrand convokers
  A lindwurm (Lair:6)
  2 orange crystal statues
  3 harpies
  9 necromancers
  An anaconda skeleton (Crypt:2)
  A lindwurm (shapeshifter) (Depths:5)
  21 orc knights
  6 phantasmal warriors
  8 orb spiders (Spider:4)
  51 deep elf magi
  3 iron dragon zombies
  10 wolf spiders
  35 ugly things
  7 manticores
  5 orc sorcerers (Orc:2)
  A manticore (shapeshifter) (Depths:1)
  6 shining eyes
  3 fauns (shapeshifter)
  3 stone giant zombies (Depths:4)
  A frost giant skeleton (Crypt:1)
  6 fauns
  2 elephants (Lair:6)
  6 cyclopes
  3 worldbinders (WizLab)
  11 moths of wrath (Zot:1)
  An ice statue (Zig:3)
  A smoke demon (Abyss:1)
  An alligator snapping turtle zombie (Crypt:2)
  5 merfolk sirens
  A black mamba (shapeshifter) (Vaults:2)
  A black mamba (Lair:6)
  16 vault sentinels
  4 eyes of devastation
  4 water nymphs (Shoals:4)
  A rust devil (Depths:3)
  2 orange demons
  A swamp worm zombie (Crypt:3)
  A spiny frog (Lair:6)
  A komodo dragon (Lair:5)
  A demonspawn skeleton (WizLab)
  3 freezing wraiths
  36 yaktaurs
  A rime drake (shapeshifter) (Vaults:3)
  A hellion (WizLab)
  A catoblepas zombie (Crypt:2)
  3 demonic crawlers
  A queen ant zombie (Crypt:2)
  A grey draconian skeleton (Crypt:3)
  5 tengu conjurers
  A guardian mummy (Zig:3)
  3 meliai (Spider:4)
  A hydra zombie (Crypt:2)
  10 jumping spiders
  A jumping spider (shapeshifter) (Depths:5)
  3 trolls
  3 hornets (shapeshifter)
  A pale draconian skeleton (Crypt:1)
  2 merfolk (shapeshifter)
  A tengu simulacrum (Vaults:3)
  11 hornets
  36 merfolk
  4 raiju
  3 bog bodies (Crypt:2)
  94 slime creatures
  3 wind drakes
  8 dream sheep
  5 blink frogs (WizLab)
  An alligator zombie (Crypt:1)
  2 hippogriffs
  A frost giant simulacrum (Vaults:2)
  5 snapping turtles
  An ettin skeleton (Crypt:1)
  A spriggan skeleton (Depths:2)
  27 redbacks
  A spriggan (shapeshifter) (Vaults:1)
  4 wraiths
  An elf zombie (Depths:2)
  5 flying skulls
  4 air elementals
  A tarantella (shapeshifter) (Abyss:1)
  An elf skeleton (Depths:2)
  13 tarantellas
  A wyvern (shapeshifter) (Depths:3)
  A ynoxinul (Abyss:1)
  6 water elementals
  2 yaks (D:13)
  3 fire elementals
  A basilisk (Lair:5)
  A gelid demonspawn zombie (Crypt:3)
  A neqoxec (Depths:3)
  3 spatial vortices (WizLab)
  2 human simulacra (Vaults:3)
  A deep troll zombie (Crypt:3)
  A glowing shapeshifter zombie (Crypt:1)
  2 acid dragons
  5 insubstantial wisps (WizLab)
  7 wargs
  2 floating eyes (shapeshifter)
  A deep troll skeleton (Crypt:1)
  An infernal demonspawn skeleton (Crypt:3)
  A floating eye (Zig:4)
  A torturous demonspawn skeleton (Crypt:3)
  A lindwurm zombie (Crypt:1)
  A sky beast (Abyss:1)
  45 orc warriors
  A swamp dragon zombie (Crypt:1)
  3 black bears (shapeshifter)
  An ettin simulacrum (Vaults:3)
  3 eyes of draining
  An ice beast (shapeshifter) (Depths:1)
  A sky beast (shapeshifter) (Depths:5)
  A dream sheep zombie (Crypt:3)
  2 necrophages
  3 boggarts
  24 ogres
  An ogre (shapeshifter) (Depths:1)
  A centaur (Shoals:3)
  A manticore skeleton (Crypt:2)
  4 earth elementals
  A spiny frog simulacrum (Crypt:2)
  A cyclops zombie (Depths:4)
  A wyvern skeleton (D:12)
  4 small abominations
  A yak zombie (Crypt:1)
  An electric eel (Spider:4)
  A wolf skeleton (Crypt:3)
  A demonspawn zombie (Crypt:2)
  A jelly (Lair:5)
  A centaur skeleton (Crypt:1)
  17 orc priests
  An iron imp (WizLab)
  16 orc wizards
  An iguana (shapeshifter) (Vaults:1)
  A deep dwarf zombie (Crypt:3)
  A crocodile zombie (Crypt:2)
  A demigod skeleton (Crypt:2)
  2 mummies (Zig:3)
  2 white imps
  An iguana skeleton (Crypt:1)
  51 orcs
  A gnoll zombie (Crypt:3)
  A starspawn tentacle (WizLab)
1554 creatures vanquished.

Vanquished Creatures (others)
  An eldritch tentacle (Zot:1)
  A storm dragon (Zot:2)
  A fire giant (Depths:3)
  A merfolk impaler (Shoals:4)
  A merfolk aquamancer (Shoals:4)
  A yaktaur (Vaults:1)
  A centaur (Shoals:1)
  An orc wizard (D:10)
  An orc (D:15)
  A block of ice (Slime:5)
  6 fungi
  11 plants
  4 starspawn tentacles (WizLab)
  4 withered plants (D:15)
35 creatures vanquished.

Grand Total: 2558 creatures vanquished

Notes
Turn   | Place    | Note
-------+----------+-------------------------------------------
     0 | D:1      | EnegeticOcto the Mummy Ice Elementalist began the quest for
                  | the Orb.
     0 | D:1      | Reached XP level 1. HP: 13/13 MP: 4/4
   665 | D:1      | Reached XP level 2. HP: 19/19 MP: 4/6
  1200 | D:2      | Found a runed translucent door.
  1201 | D:2      | Noticed Crazy Yiuf
  1758 | D:2      | Reached XP level 3. HP: 24/24 MP: 6/8
  1763 | D:2      | Learned a level 3 spell: Frozen Ramparts
  2347 | D:2      | Reached XP level 4. HP: 29/30 MP: 7/10
  3023 | D:3      | Noticed a phantom
  3186 | D:3      | Reached XP level 5. HP: 35/35 MP: 5/11
  3349 | D:3      | Found an iron altar of Okawaru.
  4313 | D:4      | Noticed Edmund
  4642 | D:4      | Reached skill level 5 in Ice Magic
  4642 | D:4      | Reached XP level 6. HP: 23/41 MP: 8/12
  4787 | D:4      | Found a staircase to the Ecumenical Temple.
  4794 | Temple   | Entered the Ecumenical Temple
  4815 | Temple   | Became a worshipper of Sif Muna the Loreminder
  5438 | D:4      | Killed Edmund
  5438 | D:4      | Reached XP level 7. HP: 33/46 MP: 9/13
  5768 | D:5      | Entered Level 5 of the Dungeon
  5791 | D:5      | Found Jurikew's Magic Scroll Shoppe.
  5794 | D:5      | Bought a scroll of blinking for 75 gold pieces
  5794 | D:5      | Bought a scroll of teleportation for 30 gold pieces
  5797 | D:5      | Found Noduwizi's Weapon Boutique.
  5852 | D:5      | Found Cinom's General Store.
  5888 | D:5      | Noticed Grinder
  6188 | D:4      | Paralysed by Grinder for 3 turns
  6199 | D:4      | Killed Grinder
  6409 | D:5      | Found a shadowy altar of Dithmenos.
  6475 | D:5      | Bought a scroll of fear for 52 gold pieces
  6748 | D:5      | Reached * piety under Sif Muna
  7047 | D:5      | Found a radiant altar of Vehumet.
  7329 | D:6      | Noticed Prince Ribbit
  7331 | D:6      | Noticed Sigmund
  7337 | D:6      | Killed Prince Ribbit
  7337 | D:6      | Reached XP level 8. HP: 58/58 MP: 8/14
  7343 | D:6      | Killed Sigmund
  8410 | D:6      | Reached XP level 9. HP: 63/63 MP: 11/15
  8662 | D:6      | Learned a level 4 spell: Hailstorm
  8667 | D:6      | Learned a level 4 spell: Summon Ice Beast
  9220 | D:7      | Reached skill level 1 in Summonings
  9220 | D:7      | Reached skill level 1 in Invocations
  9332 | D:7      | Found a burning altar of Makhleb.
  9609 | D:7      | Identified the +0 robe of Perpetual Drought {+Fly Str+3}
  9804 | D:7      | Reached skill level 10 in Ice Magic
 10028 | D:7      | Found an opulent altar of Gozag.
 10078 | D:7      | Reached skill level 2 in Summonings
 10685 | D:8      | Reached ** piety under Sif Muna
 10745 | D:8      | Noticed a two-headed ogre
 10785 | D:8      | Killed a two-headed ogre
 10785 | D:8      | Reached skill level 5 in Fighting
 10785 | D:8      | Reached skill level 3 in Summonings
 11168 | D:8      | Reached XP level 10. HP: 74/74 MP: 13/16
 11191 | D:8      | Found a stormy altar of Qazlal.
 11959 | D:9      | Reached skill level 4 in Summonings
 12554 | D:9      | Reached skill level 5 in Summonings
 13483 | D:10     | Entered Level 10 of the Dungeon
 13528 | D:10     | Reached skill level 1 in Conjurations
 13864 | D:10     | Reached *** piety under Sif Muna
 13869 | D:10     | Reached skill level 5 in Spellcasting
 14151 | D:10     | Identified the +0 buckler "Suzaira" {rElec MP+9} (You found
                  | it on level 10 of the Dungeon)
 14634 | D:11     | Reached skill level 1 in Shields
 14722 | D:11     | Reached skill level 5 in Invocations
 14990 | D:11     | Noticed a two-headed ogre
 15013 | D:11     | Killed a two-headed ogre
 15137 | D:11     | Noticed a manticore
 15151 | D:11     | Killed a manticore
 15151 | D:11     | Reached XP level 11. HP: 74/79 MP: 20/20
 15254 | D:11     | Reached **** piety under Sif Muna
 15570 | D:11     | Found a bloodstained altar of Trog.
 16091 | D:11     | Noticed a purple ugly thing
 16113 | D:11     | Killed a purple ugly thing
 16383 | D:11     | Found Cuudgheb's Antique Armour Shoppe.
 16394 | D:11     | Bought a runed scarf for 240 gold pieces
 16844 | D:11     | Found a staircase to the Lair.
 16937 | Lair:1   | Entered Level 1 of the Lair of Beasts
 17213 | Lair:1   | Noticed a seven-headed hydra
 17239 | Lair:1   | Reached skill level 5 in Conjurations
 17296 | Lair:1   | Killed a seven-headed hydra
 17336 | Lair:1   | Reached ***** piety under Sif Muna
 17450 | Lair:1   | Identified Sif Muna's Catalogue of Beguiling and Arcane
                  | Weapons (Sif Muna gifted it to you on level 1 of the Lair
                  | of Beasts)
 17450 | Lair:1   | Received a gift from Sif Muna
 17459 | Lair:1   | Reached skill level 1 in Evocations
 17910 | Lair:1   | Noticed a six-headed hydra
 17923 | Lair:1   | Killed a six-headed hydra
 17923 | Lair:1   | Reached XP level 12. HP: 87/87 MP: 24/24
 19881 | Lair:3   | Found a glowing golden altar of the Shining One.
 20564 | Lair:4   | Noticed a seven-headed hydra
 20598 | Lair:4   | Killed a seven-headed hydra
 21008 | Lair:4   | Found a runed translucent door.
 21080 | Lair:4   | Reached skill level 5 in Dodging
 21159 | Lair:4   | Noticed Jayditzi's ghost (journeyman GrFi)
 21496 | Lair:4   | Found a hole to the Spider Nest.
 21508 | Lair:4   | Identified Sif Muna's Papyrus of Assistive Curses (Sif Muna
                  | gifted it to you on level 4 of the Lair of Beasts)
 21508 | Lair:4   | Received a gift from Sif Muna
 22165 | Lair:4   | Noticed an eight-headed hydra
 22208 | Lair:4   | Killed an eight-headed hydra
 22324 | Lair:4   | Found a staircase to the Shoals.
 22969 | Lair:4   | Identified the +9 falchion of Terror {flame, Dex+2} (You
                  | found it on level 4 of the Lair of Beasts)
 23297 | Lair:5   | Gained mutation: You are in touch with the powers of death.
                  | [Mummy growth]
 23297 | Lair:5   | Reached XP level 13. HP: 39/101 MP: 21/25
 23851 | Lair:5   | Found a staircase to the Slime Pits.
 24176 | Lair:5   | Reached skill level 10 in Fighting
 24684 | Lair:6   | Entered Level 6 of the Lair of Beasts
 25009 | Lair:6   | Noticed Snorg
 25492 | D:12     | Found a staircase to the Orcish Mines.
 25856 | D:12     | Reached skill level 6 in Summonings
 27066 | D:13     | Identified Sif Muna's Incunabulum of the Entourage (Sif
                  | Muna gifted it to you on level 13 of the Dungeon)
 27066 | D:13     | Received a gift from Sif Muna
 27075 | D:13     | Reached skill level 10 in Spellcasting
 27229 | D:13     | Learned a level 5 spell: Aura of Abjuration
 27233 | D:13     | Found a gate to the Vaults.
 27252 | D:13     | Reached skill level 7 in Summonings
 27382 | D:13     | Found a roughly hewn altar of Beogh.
 27458 | D:13     | Found a hazy altar of Hepliaklqana.
 27460 | D:13     | Found a shimmering altar of Xom.
 27460 | D:13     | Found a basalt altar of Yredelemnul.
 27481 | D:13     | Found a shimmering altar of Xom.
 27481 | D:13     | Found an opulent altar of Gozag.
 27481 | D:13     | Found a hide-covered altar of Uskayaw.
 28420 | D:14     | Reached skill level 8 in Summonings
 29510 | D:14     | Found a blossoming altar of Fedhas.
 29517 | D:14     | Reached skill level 9 in Summonings
 30094 | D:14     | Reached XP level 14. HP: 109/110 MP: 3/28
 30311 | D:14     | Got a shimmering amethyst amulet
 30312 | D:14     | Identified the amulet "Plog" {Reflect rF+ Slay+2 SH+2} (You
                  | found it on level 14 of the Dungeon)
 30410 | Orc:1    | Entered Level 1 of the Orcish Mines
 30413 | Orc:1    | Identified Gusedaef's Papyrus of Ghastly Dislocation (Sif
                  | Muna gifted it to you on level 1 of the Orcish Mines)
 30413 | Orc:1    | Received a gift from Sif Muna
 30804 | Orc:1    | Reached skill level 10 in Summonings
 31056 | Orc:2    | Entered Level 2 of the Orcish Mines
 31236 | Orc:2    | Noticed Rupert
 31310 | D:15     | Entered Level 15 of the Dungeon
 32525 | D:14     | Reached skill level 11 in Summonings
 33915 | D:15     | Found a staircase to the Depths.
 34903 | Lair:5   | Reached skill level 12 in Summonings
 35026 | Lair:6   | Killed Snorg
 35032 | Lair:6   | Noticed Urug
 35044 | Lair:6   | Killed Urug
 35578 | Lair:6   | Identified Sif Muna's Volume of Igneous Stolen Souls (Sif
                  | Muna gifted it to you on level 6 of the Lair of Beasts)
 35578 | Lair:6   | Received a gift from Sif Muna
 35958 | Lair:6   | Reached XP level 15. HP: 107/115 MP: 29/29
 36721 | Lair:6   | Noticed Nessos
 36722 | Lair:6   | Noticed Nessos
 36722 | Lair:6   | Nessos changed into Nessos the deep troll
 36733 | Lair:6   | Killed Nessos the deep troll
 37734 | Lair:6   | Got a heavily runed sapphire amulet
 37735 | Lair:6   | Identified the amulet "Aroegint" {Gourm Int+4} (You found
                  | it on level 6 of the Lair of Beasts)
 38241 | Lair:3   | Killed Jayditzi's ghost
 38241 | Lair:3   | Reached skill level 10 in Dodging
 38385 | Spider:1 | Entered Level 1 of the Spider Nest
 38467 | Spider:1 | Noticed Agnes
 38482 | Spider:1 | Killed Agnes
 38482 | Spider:1 | Reached skill level 13 in Summonings
 40941 | Spider:1 | Learned a level 7 spell: Monstrous Menagerie
 42739 | Spider:2 | Reached skill level 14 in Summonings
 42785 | Spider:2 | Found a runed translucent door.
 42954 | Spider:2 | Noticed Nikola
 42968 | Spider:2 | Killed Nikola
 43064 | Spider:2 | Noticed Arachne
 43084 | Spider:2 | Killed Arachne
 43558 | Spider:2 | Noticed Roxanne
 44734 | Spider:3 | Reached XP level 16. HP: 119/122 MP: 9/30
 45067 | Spider:3 | Reached skill level 15 in Summonings
 45076 | Spider:3 | Learned a level 7 spell: Haunt
 45372 | Spider:3 | Reached skill level 1 in Necromancy
 45784 | Spider:4 | Entered Level 4 of the Spider Nest
 46830 | Spider:4 | Identified Seoliel's Volume of Lethal Attacks (Sif Muna
                  | gifted it to you on level 4 of the Spider Nest)
 46830 | Spider:4 | Received a gift from Sif Muna
 49517 | Shoals:1 | Entered Level 1 of the Shoals
 49559 | Shoals:1 | Reached skill level 5 in Necromancy
 50077 | Shoals:1 | Identified Sif Muna's Catalogue of Lightness and the
                  | Frostbite (Sif Muna gifted it to you on level 1 of the
                  | Shoals)
 50077 | Shoals:1 | Received a gift from Sif Muna
 51217 | Shoals:2 | Identified the +4 robe of Ribamudu {Str+3} (You found it on
                  | level 2 of the Shoals)
 51911 | Shoals:2 | Learned a level 7 spell: Summon Hydra
 51998 | Shoals:3 | Found a transporter.
 53195 | Shoals:3 | Noticed Polyphemus
 53215 | Shoals:3 | Killed Polyphemus
 53767 | Shoals:3 | Found a transporter.
 53810 | Shoals:4 | Entered Level 4 of the Shoals
 54694 | Shoals:4 | Reached skill level 16 in Summonings
 56173 | Shoals:4 | Identified Puer's Almanac of Cloudy Necromancy
 56461 | Shoals:4 | Identified Sif Muna's Collected Works on Unholy Rites (Sif
                  | Muna gifted it to you on level 4 of the Shoals)
 56461 | Shoals:4 | Received a gift from Sif Muna
 56634 | Shoals:4 | Noticed Ilsuiw
 56643 | Shoals:4 | Killed Ilsuiw
 56844 | Shoals:4 | Noticed Mara
 56860 | Shoals:4 | Noticed EnegeticOcto's illusion
 56874 | Shoals:4 | Killed Mara
 56874 | Shoals:4 | Reached XP level 17. HP: 126/128 MP: 9/31
 59238 | Shoals:4 | Got a barnacled rune of Zot
 60817 | Spider:4 | Got a gossamer rune of Zot
 61207 | Vaults:1 | Entered Level 1 of the Vaults
 62221 | Vaults:1 | Reached skill level 10 in Necromancy
 64270 | Vaults:1 | Noticed an iron giant
 64270 | Vaults:1 | a shadow dragon changed into an iron giant
 64282 | Vaults:1 | Noticed an acid blob
 64282 | Vaults:1 | an iron giant changed into an acid blob
 64285 | Vaults:1 | Killed an acid blob
 64456 | Vaults:1 | Reached skill level 17 in Summonings
 64918 | Vaults:1 | Identified Sif Muna's Catalogue of Bewitchment and Creation
                  | (Sif Muna gifted it to you on level 1 of the Vaults)
 64918 | Vaults:1 | Received a gift from Sif Muna
 65848 | Vaults:2 | Noticed Boris
 65877 | Vaults:2 | Killed Boris
 66359 | Vaults:2 | Reached XP level 18. HP: 134/134 MP: 19/32
 66972 | Vaults:2 | Found a gateway to a bazaar.
 67025 | Vaults:2 | Noticed Margery
 67073 | Vaults:2 | Killed Margery
 67301 | Vaults:2 | Noticed Jory
 68155 | Vaults:2 | Noticed Mennas
 68318 | Vaults:3 | Noticed a lich
 68565 | Orc:2    | Found a roughly hewn altar of Beogh.
 68646 | Orc:2    | Killed Rupert
 68974 | Orc:2    | Found a staircase to the Elven Halls.
 69176 | Orc:2    | Noticed Saint Roka
 69408 | Orc:2    | Killed Saint Roka
 69826 | Orc:2    | Identified Muonof's Guide on Curses and Dark Rituals (Sif
                  | Muna gifted it to you on level 2 of the Orcish Mines)
 69826 | Orc:2    | Received a gift from Sif Muna
 70383 | Orc:2    | Found Tethrer's Antique Armour Shoppe.
 70384 | Orc:2    | Found Etikh's Antique Weapon Shoppe.
 70385 | Orc:2    | Found Piso Tid's General Store.
 70385 | Orc:2    | Found Uciost's Book Emporium.
 70401 | Orc:2    | Bought a pair of fine boots for 266 gold pieces
 70401 | Orc:2    | Identified the +1 pair of boots of Brilliance {rElec} (You
                  | bought it in a shop on level 2 of the Orcish Mines)
 70412 | Orc:2    | Bought a shiny kite shield for 210 gold pieces
 70443 | Orc:2    | Bought a scroll of fog for 24 gold pieces
 70443 | Orc:2    | Bought a scroll of enchant armour for 90 gold pieces
 70444 | Orc:2    | Bought a book of Minor Magic for 260 gold pieces
 70447 | Orc:2    | Learned a level 2 spell: Blink
 71535 | Elf:1    | Entered Level 1 of the Elven Halls
 72582 | Elf:1    | Found a radiant altar of Vehumet.
 73293 | Elf:1    | Found Zuics's Distillery.
 73322 | Elf:1    | Reached skill level 18 in Summonings
 74525 | Elf:2    | Received a gift from Sif Muna
 74901 | Elf:2    | Found the +1 cloak of Starlight {rElec rC+ EV+4 Stlth--}
 75272 | Elf:2    | Found a runed translucent door.
 75394 | Elf:2    | Found a runed translucent door.
 75423 | Elf:3    | Entered Level 3 of the Elven Halls
 76160 | Elf:3    | Found Jealatokk's Gadget Shop.
 77793 | Elf:3    | Identified the cursed -8 kite shield of Apihur {-Tele rPois
                  | rN++ MR+++}
 77793 | Elf:3    | Noticed Donald
 77802 | Elf:3    | Killed Donald
 78877 | Elf:3    | Identified the +4 hand axe of Uxivvouts {pain, rElec rC+
                  | Dex+5 SInv}
 78877 | Elf:3    | Identified the +1 robe of Pedgheqem {rN+ MR- Regen+}
 79266 | Elf:3    | Identified the ring of Insomnia {Int+2 Dex+3 Stlth-}
 79593 | Elf:3    | Identified the cursed +1 battleaxe of Impeachment
                  | {antimagic, *Slow rElec Int+3 Dex+2}
 79593 | Elf:3    | Identified the +4 crystal plate armour "Jaklyel" {rC+
                  | Slay+2}
 79740 | Elf:3    | Noticed a Hell Sentinel
 80395 | Elf:3    | Identified the +8 chain mail "Joseirr" {rPois rC+ Str+3}
 80396 | Elf:3    | Noticed a Brimstone Fiend
 80548 | Elf:3    | Identified the ring of Zuxaf {MR- Str+2 Int+4 SInv}
 80874 | Elf:3    | Reached XP level 19. HP: 140/140 MP: 17/35
 81251 | Elf:3    | Identified the ring of Begreaze {Int+2 Dex+4}
 82101 | Elf:3    | Learned a level 1 spell: Apportation
 82110 | Elf:3    | Learned a level 8 spell: Summon Horrible Things
 82663 | Vaults:3 | Found Koosti's Antique Weapon Shop.
 84020 | Vaults:3 | Killed a lich
 84020 | Vaults:3 | Reached skill level 1 in Armour
 84579 | Vaults:3 | Noticed Boris
 84587 | Vaults:3 | Killed Boris
 84739 | Vaults:3 | Identified Sif Muna's Reference Book on Creative Evil (Sif
                  | Muna gifted it to you on level 3 of the Vaults)
 84739 | Vaults:3 | Received a gift from Sif Muna
 85426 | Vaults:3 | Noticed Sojobo
 85446 | Vaults:3 | Killed Sojobo
 87355 | Vaults:3 | Noticed a bone dragon
 87364 | Vaults:3 | Found a staircase to the Crypt.
 87377 | Vaults:3 | Killed a bone dragon
 88266 | Vaults:4 | Found Ekalan's Antique Weapon Emporium.
 88350 | Vaults:4 | Noticed Boris
 88362 | Vaults:4 | Killed Boris
 88504 | Vaults:4 | Identified Sif Muna's Collected Works on Frigorific
                  | Lightness (Sif Muna gifted it to you on level 4 of the
                  | Vaults)
 88504 | Vaults:4 | Received a gift from Sif Muna
 88653 | Vaults:4 | Learned a level 2 spell: Swiftness
 90957 | Crypt:1  | Entered Level 1 of the Crypt
 91109 | Crypt:1  | Noticed Boris
 91117 | Crypt:1  | Killed Boris
 91368 | Crypt:1  | You fall into a shaft and drop 1 floor!
 91718 | Crypt:2  | Found a magical portal.
 91741 | WizLab   | Found a transporter.
 91802 | WizLab   | Found a corrupted altar of Lugonu.
 92077 | WizLab   | Found a transporter.
 92092 | WizLab   | Found a transporter.
 92388 | WizLab   | Found a transporter.
 92599 | WizLab   | Found a transporter.
 92652 | WizLab   | Found a transporter.
 92876 | WizLab   | Found a transporter.
 92880 | WizLab   | Found a corrupted altar of Lugonu.
 92914 | WizLab   | Found a transporter.
 92946 | WizLab   | Found a transporter.
 92975 | WizLab   | Found a transporter.
 93068 | WizLab   | Found a transporter.
 93068 | WizLab   | Found a transporter.
 93241 | WizLab   | Found a transporter.
 93241 | WizLab   | Found a transporter.
 93440 | WizLab   | Found a transporter.
 93440 | WizLab   | Found a transporter.
 93446 | WizLab   | Reached XP level 20. HP: 151/151 MP: 11/37
 93669 | WizLab   | Got a faintly humming cloak
 93671 | WizLab   | Identified the Grimoire of Displacement
 93676 | WizLab   | Got a pitted cloak
 93679 | WizLab   | Identified the +0 cloak "Nelef" {+Inv SInv} (You found it
                  | in a wizard's laboratory)
 93681 | WizLab   | Identified the +2 cloak of Life {Str+4} (You found it in a
                  | wizard's laboratory)
 93735 | WizLab   | Found a transporter.
 93886 | WizLab   | Found a transporter.
 93899 | WizLab   | Identified Golubria's Collected Works on Dislocation
 94187 | WizLab   | Found a transporter.
 94187 | WizLab   | Found a transporter.
 94804 | Crypt:2  | Noticed Boris
 94818 | Crypt:2  | Killed Boris
 96375 | Crypt:1  | Identified Sif Muna's Handbook of the Harmful Rocks (Sif
                  | Muna gifted it to you on level 1 of the Crypt)
 96375 | Crypt:1  | Received a gift from Sif Muna
 97048 | Crypt:3  | Entered Level 3 of the Crypt
 99202 | Crypt:3  | Noticed a bone dragon
 99340 | Crypt:3  | Killed a bone dragon
100583 | Crypt:3  | Found a staircase to the Tomb.
100780 | Crypt:3  | Noticed an ancient lich
100874 | Crypt:3  | Killed an ancient lich
100874 | Crypt:3  | Reached skill level 19 in Summonings
101297 | Crypt:3  | Identified the +4 dagger of Dominance {flame, Str+4} (You
                  | found it on level 3 of the Crypt)
101631 | D:15     | Identified the Almanac of Damaging Transmutation
101762 | D:15     | Found a staircase to the Depths.
102661 | Bazaar   | Entered a bazaar
102665 | Bazaar   | Found Qyxopyth's Jewellery Boutique.
102683 | Bazaar   | Found Dusohoid's Antique Weapon Emporium.
102700 | Bazaar   | Found Ceajes's Book Boutique.
102717 | Bazaar   | Found Woushi's Assorted Antiques.
102722 | Bazaar   | Bought a scroll of enchant armour for 135 gold pieces
102741 | Bazaar   | Bought the macabre finger necklace {rN+} for 360 gold
                  | pieces
102741 | Bazaar   | Found the macabre finger necklace {rN+}
102741 | Bazaar   | Bought the amulet "Cykeawoi" {RegenMP +Fly rN+ Int+4} for
                  | 465 gold pieces
102744 | Bazaar   | Bought an uncursed ring of fire for 225 gold pieces
102951 | Depths:1 | Entered Level 1 of the Depths
102990 | Depths:1 | Noticed Boris
102998 | Depths:1 | Killed Boris
103750 | Depths:1 | Reached skill level 1 in Charms
103845 | Depths:1 | Reached skill level 1 in Air Magic
105545 | Depths:1 | Found a gateway to Hell.
105596 | Depths:1 | Noticed a golden dragon
105602 | Depths:1 | Killed a golden dragon
105992 | Depths:1 | Identified the cursed +1 robe of Cuwnof {rN+}
106601 | Depths:1 | Identified the +2 trident "Hikhlaxi" {holy, rF- rN+ MP+9}
                  | (You found it on level 1 of the Depths)
106727 | Depths:2 | Noticed Boris
106911 | Depths:1 | Killed Boris
108388 | Depths:2 | Reached XP level 21. HP: 164/164 MP: 27/38
109622 | Depths:2 | Identified Esor's Almanac of Necromancy and the Entourage
                  | (Sif Muna gifted it to you on level 2 of the Depths)
109622 | Depths:2 | Received a gift from Sif Muna
110080 | Depths:2 | Reached skill level 5 in Air Magic
110089 | Depths:2 | Reached skill level 5 in Charms
111285 | Depths:2 | Found a runed translucent door.
111327 | Depths:2 | Found the +10 morningstar "Eos" {elec, Halo rElec}
112129 | Depths:3 | Found a runed translucent door.
112130 | Depths:3 | Found a shimmering altar of Xom.
112130 | Depths:3 | Noticed Zentennen's ghost (veteran OpWz)
112131 | Depths:3 | Identified the cursed +2 demon whip "Jadene Wown" {chaos,
                  | +Rage MR- Int+8}
113118 | Depths:3 | Found a gateway to a ziggurat.
113163 | Depths:2 | Learned a level 6 spell: Deflect Missiles
113678 | Depths:3 | Found a one-way gate to the infinite horrors of the Abyss.
114268 | Depths:3 | Found a one-way gate leading to the halls of Pandemonium.
115086 | Depths:4 | Noticed a golden dragon
116150 | Depths:4 | Killed a golden dragon
117138 | Depths:4 | Identified the +11 trident of Perfectionism {vorpal, rN++
                  | Str+6 Int+4}
117181 | Depths:4 | Reached skill level 15 in Fighting
117470 | Depths:4 | Noticed Frederick
117479 | Depths:4 | Killed Frederick
118294 | Depths:4 | Identified the +5 halberd of Rolerphys {pain, MR+ Dex+4}
118728 | Depths:4 | Identified Sif Muna's Tome of Creative Enhancements (Sif
                  | Muna gifted it to you on level 4 of the Depths)
118728 | Depths:4 | Received a gift from Sif Muna
118966 | Depths:4 | Identified the +6 halberd "Giantslayer" {freeze, rPois MR+
                  | Str+2 Stlth+}
119312 | Depths:4 | Noticed a juggernaut
119333 | Depths:4 | Killed a juggernaut
119463 | Depths:4 | Identified the +3 rapier "Killer Bee's Peril" {freeze,
                  | *Contam +Rage Stlth+} (You found it on level 4 of the
                  | Depths)
119719 | Depths:4 | Found a portal to a secret trove of treasure.
120098 | Depths:5 | Entered Level 5 of the Depths
120101 | Depths:4 | Upgraded the game from 0.25-a0-617-g20d90ebb82 to
                  | 0.25-a0-632-g7713895373
120497 | Slime:1  | Entered Level 1 of the Pits of Slime
122386 | Slime:3  | Reached skill level 1 in Translocations
122715 | Slime:3  | Reached XP level 22. HP: 171/175 MP: 33/39
123743 | Slime:2  | Received a gift from Sif Muna
125197 | Slime:5  | Entered Level 5 of the Pits of Slime
125895 | Slime:5  | Noticed the Royal Jelly
125912 | Slime:5  | Killed the Royal Jelly
126865 | Slime:5  | Reached skill level 10 in Invocations
127230 | Slime:5  | Found the +8 lance "Wyrmbane" {slay drac, rPois rF+ rC+
                  | AC+3}
127235 | Slime:5  | Reached skill level 5 in Translocations
127302 | Slime:5  | Found the +3 warlock's mirror {reflect}
127333 | Slime:5  | Got a pair of scorched gloves
127334 | Slime:5  | Identified the +1 pair of gloves "Hupanan" {rF+ Slay+3}
                  | (You found it on level 5 of the Pits of Slime)
127347 | Slime:5  | Got a slimy rune of Zot
127415 | Slime:5  | Got a glittering zirconium amulet
127417 | Slime:5  | Got a pair of faintly humming gloves
127433 | Slime:5  | Got pitted pearl dragon scales
127462 | Slime:5  | Learned a level 7 spell: Malign Gateway
127865 | Shoals:3 | Identified the ring of Ysopao Evet {*Tele rN+ Int+4 Dex+2}
                  | (You found it on level 3 of the Shoals)
127875 | Shoals:3 | Got a crude emerald amulet
128286 | D:5      | Bought a scroll of identify for 20 gold pieces
128286 | D:5      | Bought a scroll of identify for 20 gold pieces
128286 | D:5      | Bought a scroll of identify for 20 gold pieces
128286 | D:5      | Bought a scroll of identify for 20 gold pieces
128286 | D:5      | Bought 3 scrolls of identify for 60 gold pieces
128286 | D:5      | Bought 3 scrolls of identify for 60 gold pieces
128286 | D:5      | Identified the +4 pearl dragon scales of Qavient {rPois rF+
                  | rN+ Str+4} (You found it on level 5 of the Pits of Slime)
128287 | D:5      | Identified the +1 pair of gloves of Inquiry {rPois rCorr
                  | MP+9 Str+2 Dex-5} (You found it on level 5 of the Pits of
                  | Slime)
128288 | D:5      | Identified the amulet "Fulio" {rElec Regen+} (You found it
                  | on level 3 of the Shoals)
128289 | D:5      | Identified the amulet "Ukitot" {Reflect rN+ Str+9 Int+2
                  | Dex-3 SH+3} (You found it on level 5 of the Pits of Slime)
128827 | Zig:1    | Entered Level 1 of a ziggurat
128891 | Zig:2    | Entered Level 2 of a ziggurat
128894 | Zig:2    | Noticed a Killer Klown
128899 | Zig:2    | Noticed a Killer Klown
128901 | Zig:2    | Noticed a Killer Klown
128923 | Zig:2    | Killed a Killer Klown
129060 | Zig:2    | Got a shimmering steel ring
129068 | Zig:2    | Identified the ring "Qoru" {MR- Str+3 Int+6} (You found it
                  | on level 2 of a ziggurat)
129074 | Zig:3    | Entered Level 3 of a ziggurat
129244 | Zig:4    | Entered Level 4 of a ziggurat
129271 | Zig:4    | Identified the cursed +1 scimitar of Battle {drain, rF+ rN+
                  | MP+9} (You found it on level 4 of a ziggurat)
129274 | Zig:4    | Identified the cursed +1 quick blade of Jish {drain, Dex+5}
                  | (You found it on level 4 of a ziggurat)
129340 | Depths:3 | Voluntarily entered the Abyss.
129373 | Abyss:1  | Found a corrupted altar of Lugonu.
129572 | Abyss:1  | Found a corrupted altar of Lugonu.
129763 | Abyss:1  | Found a corrupted altar of Lugonu.
129880 | Depths:3 | Escaped the Abyss
130492 | Depths:5 | Noticed a golden dragon
130507 | Depths:5 | Killed a golden dragon
130767 | Depths:5 | Noticed a juggernaut
130780 | Depths:5 | Killed a juggernaut
130983 | Depths:5 | Received a gift from Sif Muna
131194 | Depths:5 | Found a gate to the Realm of Zot.
131209 | Depths:5 | Noticed an ancient lich
131219 | Depths:5 | Killed an ancient lich
131225 | Depths:5 | Noticed a golden dragon
131233 | Depths:5 | Killed a golden dragon
131267 | Depths:5 | Noticed a juggernaut
131277 | Depths:5 | Killed a juggernaut
131731 | Depths:5 | Identified the +7 plate armour "Saomiur" {rElec MR+++ Str-4
                  | Dex-2} (You found it on level 5 of the Depths)
131984 | Zot:1    | Entered Level 1 of the Realm of Zot
132239 | Zot:1    | Noticed a golden dragon
132246 | Zot:1    | Killed a golden dragon
132281 | Zot:1    | Reached XP level 23. HP: 181/181 MP: 9/41
132314 | Zot:1    | Reached skill level 15 in Spellcasting
132653 | Zot:1    | Noticed a curse toe
132662 | Zot:1    | Killed a curse toe
132796 | Zot:1    | Noticed an ancient lich
132816 | Zot:1    | Killed an ancient lich
133508 | Zot:1    | Reached skill level 20 in Summonings
133924 | Zot:2    | Noticed a curse toe
133927 | Zot:2    | Noticed an orb of fire
133950 | Zot:2    | Killed an orb of fire
133964 | Zot:2    | Identified Sif Muna's Handbook of Creation and Good Luck
                  | (Sif Muna gifted it to you on level 2 of the Realm of Zot)
133964 | Zot:2    | Received a gift from Sif Muna
134189 | Zot:2    | Noticed Leosch's ghost (legendary GrFi)
134576 | Zot:2    | HP: 8/181 [wind drake/the air[a black draconian
                  | stormcaller] (9)]
134576 | Zot:2    | Killed from afar by a yellow draconian knight

Levels and vault maps discovered:
D:1:      lightli_arrival_statue_moat, layout_rooms
D:2:      layout_loops_ring, first_ration, uniq_crazy_yiuf_cottage
D:3:      layout_basic, okawaru_metal_pillars_1_2, minmay_bisected
D:4:      layout_loops_ring, minmay_temple_entry_drinking_statues, uniq_edmund
D:5:      minmay_bubble_buster, layout_basic, kennysheep_mini_moat,
          nicolae_overflow_hidden_temple, serial_shops, shop,
          nicolae_shop_behind_doors, kennysheep_little_box, uniq_grinder
D:6:      layout_loops_corners, uniq_prince_ribbit1, uniq_sigmund
D:7:      layout_basic, nicolae_overflow_crystal_walls,
          makhleb_heckhound_becter, grunt_ogre_cave, minmay_chambers_of_fives
D:8:      layout_cave_pods, lemuel_round_altar
D:9:      minmay_goldmine, layout_loops_ring, hangedman_decor_clover_reticule,
          worms_lemuel
D:10:     layout_long_grid, eino_tiny_chamber
D:11:     layout_loops_ring, erik_lair_dragon, serial_shops, shop, basic_altar
D:12:     layout_roguey, orc_david_3
D:13:     layout_loops_corners, david_vaults_1, special_room [special_room_orc],
          doesnt_xom_only_xom
D:14:     layout_rooms, fedhas_altar_2, minmay_misc_feat_room,
          kennysheep_pointless_box
D:15:     gammafunk_depths_entry_grave, layout_cave_pools, minmay_crystal_room,
          nicolae_wwwww, minmay_protected_statue
Temple:   lightli_temple_of_artemis
Lair:1:   layout_regular_city
Lair:2:   layout_cave_pods, grunt_megastairs_2
Lair:3:   layout_long_grid, basic_altar, grunt_megastairs_3
Lair:4:   layout_gridlike, elwin_shoals_entry_rocks,
          nicolae_spider_entry_tight_spaces, gammafunk_ghost_grave,
          serial_bayou_pond_d, kennysheep_rathole, serial_bayou_shore_a,
          minmay_lair_oklob_chamber
Lair:5:   layout_loops_ring, minmay_slime_entry_pillars
Lair:6:   due_jungle_book, layout_regular_city, grunt_megastairs_1,
          serial_bayou_shore_b, infiniplex_staircase_pool_2, uniq_snorg,
          uniq_nessos, uniq_urug
Shoals:1: layout_shoals, st_sunken_temple
Shoals:2: layout_shoals, nicolae_shoals_wave_tunnel
Shoals:3: gammafunk_its_a_trap, layout_shoals, uniq_polyphemus
Shoals:4: shoals_end_grunt_ice, layout_shoals, shoal_ilsuiw, uniq_mara
Spider:1: layout_chambers, uniq_agnes
Spider:2: cheibrodos_spider_deadly_dance, uniq_roxanne, uniq_nikola,
          uniq_arachne
Spider:3: layout_spider_delve, nicolae_spider_cling_halls
Spider:4: spider_rune_water
Slime:1:  layout_caves, cheibrodos_slime_lost_civilization_7
Slime:2:  layout_caves
Slime:3:  nicolae_slime_pool, layout_caves, nicolae_slime_barrier
Slime:4:  layout_caves
Slime:5
Orc:1:    layout_caves, nicolae_orc_stony_grotto, minmay_orc_keep
Orc:2:    st_orc_congregation, layout_diamond_mine, minmay_orc_temple_c,
          uniq_saint_roka, uniq_rupert
Elf:1:    eino_elf_arrival_customs, layout_gridlike, serial_shops, shop,
          basic_altar, kennysheep_underground_church
Elf:2:    layout_geoelf_octagon, st_stairs_12
Elf:3:    minmay_elf_hall_not_hex, layout_gridlike, serial_shops, shop,
          grunt_megastairs_4, uniq_donald
Vaults:1: nicolae_vaults_rhombus_5, nicolae_vaults_triangles, v_misc_11,
          v_misc_25, nicolae_vaults_puzzle_piece,
          nicolae_vaults_network_quinsquares
          [nicolae_vaults_network_quincunx_subvault,
          nicolae_vaults_network_quincunx_subvault,
          nicolae_vaults_network_quincunx_subvault,
          nicolae_vaults_network_quincunx_subvault], special_room_vaults
          [special_room_orc], nicolae_vaults_mini_display_case,
          hangedman_vaults_pinch, vaults_dpeg_diagonal, vaults_room_fancy_cross,
          vaults_room_pool, v_misc_24, nicolae_vaults_asterisk,
          layout_vaults_maze_bifur
Vaults:2: nicolae_vaults_specimen_jars, v_alt_pattern_3,
          hangedman_vaults_restitches, vaults_room_fours, grunt_vaults_focal,
          vaults_mumra_lcd, ontoclasm_vaults_tryst, vaults_room_stairs_pillars,
          vaults_dpeg_hooks, hangedman_vaults_trim, nicolae_vaults_theta,
          ontoclasm_vaults_chip, vaults_room_grunt_arrival_checkpoint,
          ontoclasm_vaults_misaligned, layout_vaults_ring, serial_shops,
          statue_bzr, uniq_mennas, uniq_margery, uniq_boris, uniq_jory
Vaults:3: minmay_crypt_entry_nasty_monster, st_hourglassy, grunt_vaults_funnel,
          hangedman_vaults_stretched_pinwheel, grunt_vaults_diagonal,
          vaults_room_hallway, ontoclasm_vaults_gateway, vaults_mumra_hex,
          layout_vaults_omnigrid, serial_shops, shop_fountains, uniq_sojobo
Vaults:4: ontoclasm_vaults_ring_small, vaults_mumra_minichess_inversion,
          hangedman_vaults_slither, vaults_dpeg_ring,
          nicolae_vaults_statue_guard, nicolae_vaults_alarming,
          ontoclasm_vaults_decontamination, layout_vaults_chaotic_city,
          serial_shops, shop
Crypt:1:  layout_gridlike
Crypt:2:  layout_regular_city, lightli_enter_wizlab_magi_temple,
          lemuel_nasty_fountain, roderic_lattice_octagonal_star
Crypt:3:  david_glass_crypt, layout_gridlike, nicolae_tomb_entry_rubble_hallway,
          corexii_hall_statues_t, corexii_hall_statues_deadend
Depths:1: minmay_expanding_squares, layout_twisted_cross, pf_coc_iceberg,
          onia_ninara_cookie
Depths:2: minmay_the_grid_square_5x5_4x4
          [minmay_the_grid_square_5x5_sharp_hourglass,
          minmay_the_grid_square_5x5_eight, minmay_the_grid_square_5x5_detours,
          minmay_the_grid_square_5x5_forky, minmay_the_grid_square_5x5_c,
          minmay_the_grid_square_5x5_prize_gold,
          minmay_the_grid_square_5x5_prize_rear_guard,
          minmay_the_grid_square_5x5_almost_minimal,
          minmay_the_grid_square_5x5_broken_cross,
          minmay_the_grid_square_5x5_prize_open,
          minmay_the_grid_square_5x5_prize_itemx,
          minmay_the_grid_square_5x5_bracketed, minmay_the_grid_square_5x5_bite,
          minmay_the_grid_square_5x5_two_walls_b,
          minmay_the_grid_square_5x5_doubleslash,
          minmay_the_grid_square_5x5_empty], layout_gridville, hell_entry,
          hangedman_abyss_or_decor_lesser_grid, minmay_crystal_box,
          infiniplex_staircase_zigzag_2
Depths:3: wad_cavern_with_rooms, layout_cave_pools, enter_ziggurat_b,
          serial_co_window_serial, co_window_cross_1,
          co_window_of_opportunity_a, co_window_of_opportunity_a,
          co_window_corner_a, co_window_of_opportunity_a,
          co_window_of_opportunity_c, co_window_of_opportunity_b,
          co_window_broadway_b, co_window_4corner_a, glass_columns_a,
          glass_columns_a, abyss_entry, rand_demon_pan_entry_4, hell_entry,
          ebering_ghost_xom, grunt_decor_resistance
Depths:4: giant_chief_lemuel, layout_long_grid, grunt_decor_cap, abyss_entry,
          enter_trove_5, hell_entry, infiniplex_staircase_hallway_doors,
          uniq_frederick
Depths:5: hangedman_pleasuredromes, abyss_entry, hell_entry
Zot:1:    hangedman_zot_vaults_quadrants, layout_concentric_octagons
Zot:2:    layout_misc_corridors, gammafunk_ghost_arena, zot_minivault_1

Skill      XL: |  1  2  3  4  5  6  7  8  9 10 11 12 13 14 15 16 17 18 19 20 21 22 23 |
---------------+----------------------------------------------------------------------+-----
Spellcasting   | 3 4 6 8 10 12 13 14 15 | 15.0
Stealth        | 2 3 |  3.0
Ice Magic      | 4 5 6 7 9 10 | 10.0
Fighting       | 3 5 9 10 11 13 15 | 15.0
Summonings     | 3 5 9 12 14 16 17 18 19 20 | 20.3
Invocations    | 3 5 7 8 10 | 10.0
Conjurations   | 3 5 |  5.0
Shields        | 2 4 |  4.0
Dodging        | 2 6 8 10 11 | 11.2
Evocations     | 2 4 |  4.0
Necromancy     | 8 11 14 | 14.3
Armour         | 4 |  4.5
Charms         | 4 7 |  7.0
Air Magic      | 4 8 |  8.0
Translocations | 1 8 |  8.0

Action                   |  1- 3 |  4- 6 |  7- 9 | 10-12 | 13-15 | 16-18 | 19-21 | 22-24 || total
-------------------------+-------+-------+-------+-------+-------+-------+-------+-------++-------
Melee: Short sword       |    12 |       |       |       |       |       |       |       ||    12
       Dagger            |    23 |       |     1 |       |       |       |       |       ||    24
       Scimitar          |       |       |     3 |       |       |       |       |       ||     3
       Falchion          |       |       |       |       |   207 |   190 |       |       ||   397
       Hand axe          |       |       |       |       |       |       |    57 |       ||    57
       Staff             |       |       |       |       |       |       |    12 |     7 ||    19
 Fire: Hunting sling     |    52 |   128 |   233 |   268 |    16 |       |       |       ||   697
Throw: Dart              |       |    13 |       |     2 |       |     3 |     1 |       ||    19
       Javelin           |       |       |       |       |     5 |       |       |       ||     5
       Throwing net      |       |       |       |       |       |       |       |     1 ||     1
 Cast: Freeze            |    39 |    27 |    60 |   268 |   285 |    21 |       |       ||   700
       Frozen Ramparts   |     3 |    20 |    64 |   168 |   221 |   104 |    62 |    17 ||   659
       Hailstorm         |       |       |     2 |     6 |   321 |    26 |       |       ||   355
       Summon Ice Beast  |       |       |       |     7 |   202 |    63 |       |       ||   272
       Aura of Abjuratio |       |       |       |       |     6 |     3 |    20 |     9 ||    38
       Glaciate          |       |       |       |       |     1 |       |       |     1 ||     2
       Monstrous Menager |       |       |       |       |       |   414 |   373 |   192 ||   979
       Summon Hydra      |       |       |       |       |       |   259 |   107 |       ||   366
       Haunt             |       |       |       |       |       |   118 |   707 |   165 ||   990
       Summon Horrible T |       |       |       |       |       |       |    22 |    36 ||    58
       Apportation       |       |       |       |       |       |       |     2 |     5 ||     7
       Blink             |       |       |       |       |       |       |     4 |     7 ||    11
       Swiftness         |       |       |       |       |       |       |     3 |       ||     3
       Deflect Missiles  |       |       |       |       |       |       |     2 |     5 ||     7
       Malign Gateway    |       |       |       |       |       |       |       |     2 ||     2
Invok: Channel Magic     |       |       |       |       |     5 |    19 |    31 |    16 ||    71
       Divine Exegesis   |       |       |       |       |     1 |       |       |     1 ||     2
 Abil: Evoke Flight      |       |       |       |       |       |       |       |     1 ||     1
Evoke: Wand              |       |     3 |     1 |     8 |    13 |    43 |     7 |    10 ||    85
       Lightning rod     |       |       |       |       |       |    12 |       |       ||    12
       Tin of tremorston |       |       |       |       |       |     1 |       |       ||     1
       Sack of spiders   |       |       |       |       |       |     2 |       |       ||     2
  Use: Scroll            |       |     7 |     5 |     5 |    13 |    16 |    15 |    19 ||    80
 Stab: Sleeping          |     3 |       |       |       |       |       |       |       ||     3
       Distracted        |       |       |       |       |     4 |     5 |       |       ||     9
       Paralysed         |       |       |       |       |     7 |     3 |     2 |       ||    12
       Confused          |       |       |       |       |       |       |     1 |       ||     1
Armor: Robe              |    21 |     7 |       |       |       |     5 |    37 |    10 ||    80
       Leather armour    |       |     4 |    45 |    58 |    40 |       |       |       ||   147
       Troll leather arm |       |       |       |       |   113 |    66 |       |       ||   179
       Acid dragon scale |       |       |       |       |       |       |     2 |    17 ||    19
Dodge: Dodged            |    37 |    35 |   148 |   319 |   648 |   543 |   347 |   179 ||  2256
       Deflected         |       |       |       |       |       |       |     5 |    29 ||    34
Block: Buckler           |       |       |       |    65 |   209 |   186 |   129 |    59 ||   648
       Reflection        |       |       |       |       |     1 |    37 |    14 |       ||    52
       Rpst.: Scimitar   |       |       |     2 |       |       |       |       |       ||     2
       Falchion          |       |       |       |       |   110 |    90 |       |       ||   200

Table legend:
 A = Non-vault XP
 B = Vault XP
 C = Vault XP percentage of total XP
 D = Non-vault monster count
 E = Vault monster count
 F = Vault count percentage of total count
                 A         B        C        D         E       F
            +---------+---------+-------+---------+---------+-------
      Total |  509183 |  388770 |  43.3 |    1659 |     842 |  33.7
            +---------+---------+-------+---------+---------+-------
        D:1 |      28 |       0 |   0.0 |      18 |       0 |   0.0
        D:2 |      97 |       0 |   0.0 |      26 |       0 |   0.0
        D:3 |     104 |      15 |  12.6 |      28 |       3 |   9.7
        D:4 |     426 |     434 |  50.5 |      16 |       2 |  11.1
        D:5 |      71 |     141 |  66.5 |       5 |      10 |  66.7
        D:6 |    1138 |     490 |  30.1 |      19 |       2 |   9.5
        D:7 |     790 |     485 |  38.0 |      26 |       6 |  18.8
        D:8 |    1341 |       0 |   0.0 |      17 |       0 |   0.0
        D:9 |     726 |     659 |  47.6 |      19 |      13 |  40.6
       D:10 |    1460 |       0 |   0.0 |      20 |       0 |   0.0
       D:11 |    7034 |    1591 |  18.4 |      72 |       6 |   7.7
       D:12 |    4304 |     533 |  11.0 |      40 |       6 |  13.0
       D:13 |    7757 |    3543 |  31.4 |      35 |      30 |  46.2
       D:14 |   12948 |    2214 |  14.6 |      44 |       3 |   6.4
       D:15 |   10457 |    2892 |  21.7 |      40 |       6 |  13.0
     Lair:1 |    5530 |       0 |   0.0 |      22 |       0 |   0.0
     Lair:2 |    2470 |     383 |  13.4 |      12 |       2 |  14.3
     Lair:3 |    2190 |    2268 |  50.9 |      17 |       7 |  29.2
     Lair:4 |    5263 |    1824 |  25.7 |      24 |      19 |  44.2
     Lair:5 |    6634 |    1955 |  22.8 |      24 |       6 |  20.0
     Lair:6 |   19519 |    5796 |  22.9 |      47 |      10 |  17.5
   Shoals:1 |    4809 |       0 |   0.0 |      14 |       0 |   0.0
   Shoals:2 |    7975 |    1336 |  14.3 |      24 |       7 |  22.6
   Shoals:3 |    7679 |    4434 |  36.6 |      32 |      10 |  23.8
   Shoals:4 |    8817 |   19292 |  68.6 |      32 |      35 |  52.2
   Spider:1 |   10382 |    1770 |  14.6 |      28 |       1 |   3.4
   Spider:2 |   10942 |    5557 |  33.7 |      34 |       2 |   5.6
   Spider:3 |   14199 |       0 |   0.0 |      44 |       0 |   0.0
   Spider:4 |   10147 |   13135 |  56.4 |      49 |      37 |  43.0
    Slime:1 |     716 |       0 |   0.0 |       4 |       0 |   0.0
    Slime:2 |    7877 |       0 |   0.0 |      23 |       0 |   0.0
    Slime:3 |   10232 |     816 |   7.4 |      36 |       6 |  14.3
    Slime:4 |    3267 |       0 |   0.0 |       9 |       0 |   0.0
    Slime:5 |    8108 |   21081 |  72.2 |      18 |      13 |  41.9
      Orc:1 |    1555 |     216 |  12.2 |      33 |       9 |  21.4
      Orc:2 |     733 |   14128 |  95.1 |      25 |     107 |  81.1
      Elf:1 |   13475 |    4566 |  25.3 |      33 |      11 |  25.0
      Elf:2 |    6450 |    1880 |  22.6 |      18 |       5 |  21.7
      Elf:3 |    8744 |   26877 |  75.5 |      31 |      36 |  53.7
   Vaults:1 |   18984 |   14753 |  43.7 |      48 |      60 |  55.6
   Vaults:2 |   16766 |   26063 |  60.9 |      38 |      43 |  53.1
   Vaults:3 |   23145 |   16381 |  41.4 |      64 |      23 |  26.4
   Vaults:4 |   15631 |    5064 |  24.5 |      49 |      13 |  21.0
    Crypt:1 |   14954 |       0 |   0.0 |      38 |       0 |   0.0
    Crypt:2 |   18613 |     800 |   4.1 |      37 |       1 |   2.6
    Crypt:3 |   17193 |   15414 |  47.3 |      37 |      12 |  24.5
   Depths:1 |   17418 |   26619 |  60.4 |      28 |      41 |  59.4
   Depths:2 |   29054 |   16449 |  36.1 |      62 |      25 |  28.7
   Depths:3 |   26636 |    3448 |  11.5 |      47 |      10 |  17.5
   Depths:4 |   25854 |   25093 |  49.3 |      64 |      40 |  38.5
   Depths:5 |    1313 |   62142 |  97.9 |       8 |      93 |  92.1
      Zot:1 |   26162 |   20636 |  44.1 |      31 |      21 |  40.4
      Zot:2 |   20443 |     606 |   2.9 |      18 |       1 |   5.3
    Abyss:1 |    4255 |       0 |   0.0 |      19 |       0 |   0.0
      Zig:1 |     617 |       0 |   0.0 |       1 |       0 |   0.0
      Zig:2 |    2957 |    1329 |  31.0 |       2 |       4 |  66.7
      Zig:3 |     971 |    1185 |  55.0 |       5 |       4 |  44.4
      Zig:4 |    1823 |       0 |   0.0 |       5 |       0 |   0.0
     WizLab |       0 |   12477 | 100.0 |       0 |      41 | 100.0
            +---------+---------+-------+---------+---------+-------
